 Dungeon Crawl Stone Soup version 0.27.1-1-g398f81649c (webtiles) character file.

Game seed: 7378586361752570690

165 H0rd4k the Insei (level 5, 0/49 HPs)
             Began as an Octopode Transmuter on Sept 13, 2021.
             Splashed by a jelly's acid (3 damage)
             ... on level 4 of the Dungeon.
             The game lasted 00:02:24 (4285 turns).

H0rd4k the Insei (Octopode Transmuter)              Turns: 4285, Time: 00:02:24

Health: 0/49       AC: 22    Str:  9    XL:     5   Next: 46%
Magic:  5/8        EV:  2    Int: 16    God:
Gold:   233        SH:  0    Dex: 13    Spells: 4/8 levels left

rFire    . . .     SeeInvis .     - Unarmed
rCold    . . .     Faith    .   (no shield)
rNeg     + + +     Spirit   .   (helmet currently unavailable)
rPois    +         Reflect  .   (no amulet)
rElec    .         Harm     .   (no ring)
rCorr    .         Rampage  .   (no ring)
Will     .....     NoTele   +   (no ring)
Stlth    +.........             (no ring)
HPRegen  0.16/turn              (no ring)
MPRegen  0.11/turn              (no ring)
                                (no ring)
                                (no ring)

@: lethally poisoned (0 -> -2), tree-form, very slightly contaminated
A: stationary, stasis, torment immunity, boosted hp, almost no armour,
(amphibious), 8 rings, (camouflage 1), (gelatinous body 1), (nimble swimmer 1),
(tentacles)
a: no special abilities


You were on level 4 of the Dungeon.
You were a tree.
You visited 1 branch of the dungeon, and saw 4 of its levels.

You collected 233 gold pieces.

Inventory:

Jewellery
 f - a +6 ring of dexterity
 k - a ring of positive energy
Scrolls
 b - 2 scrolls of amnesia {unknown}
 d - a scroll of immolation {unknown}
 e - 3 scrolls of identify {unknown}
Potions
 c - a potion of haste {unknown}
 g - a potion of cancellation {unknown}
 h - a potion of berserk rage {unknown}
 i - a potion of attraction {unknown}
 j - 2 potions of brilliance {unknown}
 l - a potion of ambrosia {unknown}


   Skills:
 + Level 1.3 Fighting
 + Level 3.0 Dodging
 + Level 4.4 Unarmed Combat
 + Level 2.4 Spellcasting
 + Level 2.2 Transmutations
 * Level 2.3 Poison Magic


You had 4 spell levels left.
You knew the following spells:

 Your Spells              Type           Power      Damage    Failure   Level
a - Beastly Appendage     Tmut           18%        N/A       8%          1
b - Spider Form           Tmut/Pois      4%         N/A       24%         3

Your spell library contained the following spells:

 Spells                   Type           Power      Damage    Failure   Level
 Wereblood                Tmut           9%         N/A       12%         2
 Gell's Gravitas          Tloc           0%         N/A       52%         3
 Lesser Beckoning         Tloc           0%         N/A       52%         3
 Teleport Other           Tloc           1%         N/A       52%         3
 Ice Form                 Ice/Tmut       5%         N/A       77%         4


Dungeon Overview and Level Annotations

Branches:
Dungeon (4/15)
 Temple: D:4-7

Altars:


Innate Abilities, Weirdness & Mutations

You are a tree.
Your roots penetrate the ground, keeping you stationary.
You cannot be teleported.
You are immune to unholy pain and torment.
Your maximum health is greatly increased.
You cannot wear most types of armour.
((You are amphibious.))
You can wear up to eight rings at the same time.
((Your skin changes colour to match your surroundings (Stealth+).))
((Your rubbery body absorbs attacks. (AC +1, EV +1)))
((You are camouflaged near water. (Stealth+)))
((You have tentacles for arms and can constrict up to eight enemies at once.))


Message History

You closely miss the adder.
The jelly quivers.
Your grab misses the adder.
You feel sick. The adder bites you.
There are monsters nearby!
Casting: Spider Form (quite dangerous; 24% risk of failure)
Confirm with . or Enter, or press ? or * to list all spells.
The spell is quite dangerous to cast (24% risk of failure)!
Continue anyway?
You miscast Spider Form.
You are very lightly contaminated with residual magic.
You feel odd.
You are more poisoned.
You feel sick. The adder bites you.
You are more poisoned.
The adder poisons you!
You closely miss the adder. Your grab misses the adder.
You feel sick. The adder closely misses you. The adder barely misses you.
You closely miss the adder. You grab the adder. You squeeze the adder.
The adder is heavily wounded.
You constrict the adder.
You feel sick. The adder bites you.
You completely miss the adder.
The adder is heavily wounded.
You constrict the adder.
* * * LOW HITPOINT WARNING * * *
You feel sick. The jelly barely misses you. The adder bites you.
* * * LOW HITPOINT WARNING * * *
You release your grip on the adder.
* * * LOW HITPOINT WARNING * * *
You feel sick. The jelly closely misses you.
* * * LOW HITPOINT WARNING * * *
You feel sick. The adder barely misses you.
It was a potion of lignification.
You turn into a tree.
Your roots penetrate the ground.
* * * LOW HITPOINT WARNING * * *
You feel sick. The adder bites you but does no damage.
You smack the adder!
You kill the adder!
* * * LOW HITPOINT WARNING * * *
You feel sick. The jelly hits you but does no damage.
You smack the jelly!
Your branches burn!
You die...

##.... #. ##... #..
##.. #.# ### #.#
###### # #..#
##....## #
#..#########......###
#.....†.............
##.J♣.######......###
#####...### #......#
# #........# ##....##
..........# ######
......###..# ..<..#
#..# ....# #..# ..##
#..# ## #.(


You could see a jelly.

Vanquished Creatures
  A gnoll (D:3)
  7 adders
  2 worms (D:3)
  3 dart slugs (D:1)
  4 orcs (D:3)
  6 ball pythons
  5 bats
  7 endoplasms
  4 giant cockroaches
  5 goblins
  4 hobgoblins
  4 jackals
  6 kobolds
  5 quokkas
  4 frilled lizards
  4 rats
71 creatures vanquished.

Notes
Turn   | Place    | Note
-------+----------+-------------------------------------------
     0 | D:1      | H0rd4k the Octopode Transmuter began the quest for the Orb.
     0 | D:1      | Reached XP level 1. HP: 13/13 MP: 3/3
   522 | D:1      | Reached XP level 2. HP: 18/18 MP: 5/5
  1049 | D:1      | Reached XP level 3. HP: 5/23 MP: 6/6
  1053 | D:1      | Learned a level 3 spell: Spider Form
  1929 | D:2      | Reached skill level 1 in Poison Magic
  2016 | D:2      | Reached XP level 4. HP: 28/28 MP: 7/7
  3309 | D:3      | Reached skill level 4 in Unarmed Combat
  3750 | D:3      | Reached XP level 5. HP: 18/33 MP: 4/8
  4285 | D:4      | Splashed by a jelly's acid

Illustrated notes

Levels and vault maps discovered:
D:1:      sevenhm_arrival_forest_fort_large_2, layout_rooms
D:2:      layout_basic, minmay_misc_feat_secret_circle
D:3:      minmay_evil_eye, layout_rooms, trog_antimagical, minmay_rat_hole
D:4:      wander_river, layout_cave_pods, minmay_temple_entry_poolview,
          uniq_duvessa, uniq_menkaure, uniq_eustachio, uniq_sigmund

Skill      XL: |  1  2  3  4  5 |
---------------+----------------+-----
Poison Magic   | 1 2 |  2.3
Unarmed Combat | 4 |  4.4
Dodging        | 3 |  3.0
Fighting       | |  1.3
Spellcasting   | |  2.4
Transmutations | |  2.2

Action                   |  1- 3 |  4- 6 || total
-------------------------+-------+-------++-------
Melee: Unarmed           |    98 |   104 ||   202
       Tentacles         |     9 |     8 ||    17
       Constrict         |    19 |    21 ||    40
       Punch             |     1 |     1 ||     2
 Cast: Spider Form       |     1 |     4 ||     5
  Use: Potion            |       |     1 ||     1
 Stab: Sleeping          |     6 |     3 ||     9
Armor: Skin              |     7 |     4 ||    11
Dodge: Dodged            |    67 |    72 ||   139
